 Seeded DCSS version 0.28.0 (webtiles) character file.

Game seed: 11313252032351667046 (custom seed)

955 ravioli the Ogre Mage (level 8, -6/74 (83) HPs)
             Began as an Ogre Fire Elementalist on Feb 12, 2022.
             Mangled by a wight (9 damage)
             ... on level 4 of the Dungeon.
             The game lasted 00:14:37 (7086 turns).

ravioli the Ogre Mage (Ogre Fire Elementalist)      Turns: 7086, Time: 00:14:37

HP:   -6/74 (83)    AC:  3    Str: 13    XL:     8   Next: 14%
MP:   11/18         EV: 10    Int: 18    God:
Gold: 316           SH:  0    Dex:  9    Spells: 18/21 levels left

rFire   . . .      SeeInvis .   (no weapon)
rCold   . . .      Faith    .   (no shield)
rNeg    . . .      Spirit   .   a - +0 robe
rPois   .          Reflect  .   (helmet restricted)
rElec   .          Harm     .   (no cloak)
rCorr   .          Rampage  .   (gloves unavailable)
Will    .....                   (boots unavailable)
Stlth   ++........              (no amulet)
HPRegen 0.22/turn               (no ring)
MPRegen 0.16/turn               (no ring)

@: heavily drained
A: large, unfitting armour, tough skin 1
a: no special abilities


You were on level 4 of the Dungeon.
You visited 1 branch of the dungeon, and saw 5 of its levels.

You collected 316 gold pieces.

Inventory:

Armour
 a - a +0 robe (worn)
Magical Staves
 m - a staff of cold
Jewellery
 d - an amulet of guardian spirit
Scrolls
 c - a scroll of amnesia
 g - a scroll of teleportation {unknown}
 h - a scroll of magic mapping {unknown}
 i - a scroll of identify {unknown}
 j - a scroll of enchant weapon {unknown}
 k - a scroll of vulnerability {unknown}
Potions
 b - 3 potions of haste {unknown}
 e - a potion of attraction {unknown}
 f - 2 potions of curing


   Skills:
 + Level 6.2 Fighting
 + Level 2.6 Dodging
 + Level 2.0 Stealth
 + Level 0.7 Unarmed Combat
 + Level 7.2 Spellcasting
 + Level 6.9 Conjurations
 + Level 4.2 Translocations
 + Level 4.1 Transmutations
 + Level 4.4 Fire Magic


You had 18 spell levels left.
You knew the following spells:

 Your Spells              Type           Power      Damage    Failure   Level
a - Foxfire               Conj/Fire      100%       2x1d9     1%          1
b - Scorch                Fire           44%        2d7       2%          2

Your spell library contained the following spells:

 Spells                   Type           Power      Damage    Failure   Level
 Magic Dart               Conj           100%       1d8       1%          1
 Blink                    Tloc           42%        N/A       2%          2
 Conjure Flame            Conj/Fire      27%        6-21      3%          3
 Flame Wave               Conj/Fire      27%        2d7       10%         4
 Mephitic Cloud           Conj/Pois/Air  14%        N/A       12%         3
 Inner Flame              Hex/Fire       14%        N/A       13%         3
 Call Imp                 Summ           6%         N/A       16%         2
 Manifold Assault         Tloc           21%        N/A       45%         5
 Storm Form               Tmut/Air       7%         N/A       100%        7


Dungeon Overview and Level Annotations

Branches:
Dungeon (5/15)
 Temple: D:4-7

Altars:
Cheibriados
Dithmenos
Qazlal
Ru
Uskayaw
Xom
Zin
The Shining One

Shops:
D:3 :=(

Portals:
Sewer: D:5

Annotations:
D:3 2 transporters, Kazon's ghost, amateur MiHu


Innate Abilities, Weirdness & Mutations

You are too large for most types of armour.
You have tough skin. (AC +1)


Message History

You feel drained. The wight freezes you. The wight closely misses your foxfire.
The foxfire hits the wight.
You destroy the wight!
The foxfire hits the wight.
The wight is heavily damaged.
The wight hits you but does no damage.
Your Stealth skill increases to level 2!
A wight comes into view. It is wielding a +2 flail.
A wight comes into view. It is wielding a +3 battleaxe.
Found a chain mail.
The wight barely misses you. x2
The wight hits you with a +2 flail!
* * * LOW HITPOINT WARNING * * *
There is a stone staircase leading up here.
The wight hits you with a +2 flail.
* * * LOW HITPOINT WARNING * * *
The wight barely misses you.
You climb upwards.
There is a stone staircase leading down here.
Okay, then.
It was a potion of heal wounds.
You feel much better. The wight misses you.
The wight hits you with a +0 short sword!
Casting: Foxfire (safe; 1% risk of failure)
Confirm with . or Enter, or press ? or * to list all spells.
You conjure some foxfire!
The wight hits you with a +2 flail!
* * * LOW HITPOINT WARNING * * *
You feel drained.
* * * LOW HITPOINT WARNING * * *
The wight closely misses you.
The foxfire hits the wight.
The wight is heavily damaged.
The foxfire hits the wight but does no damage.
The wight hits you with a +2 flail.
* * * LOW HITPOINT WARNING * * *
You feel drained.
The wight hits you with a +0 short sword.
* * * LOW HITPOINT WARNING * * *
Casting: Foxfire (safe; 1% risk of failure)
Confirm with . or Enter, or press ? or * to list all spells.
You conjure some foxfire!
The wight hits you with a +2 flail!
You die...

## #..# #.# ##.## .# #..#
#.# ##.## .# #..## ##.#
##(## .# #...# #..# ###.##
## #...# ##..###..## #
#...## ##..###..## #
#....####....##.)# #
#......zvz.......# ##
#.......@v.......# ###. #
##......###.......#####...
##
#.......####.............#
.## ##........#
##.....>...####
#.#####.........##
##.......##
##..#.)).###.....#
#......## ##....###
##...## #......# ##...#
##### ###....# ##..##
##...#


You could see 2 wights.

Vanquished Creatures
  Menkaure (D:4)
  2 ice beasts (D:5)
  An ogre (D:4)
  A scorpion (D:5)
  A wight (D:5)
  A jelly (D:1)
  An orc priest (D:3)
  Jessica (D:3)
  A hound skeleton (D:4)
  A mummy (D:3)
  5 adders
  3 gnolls (D:4)
  A river rat (D:5)
  An adder skeleton (D:2)
  A dart slug (D:2)
  7 orcs
  3 ball pythons
  3 bats (D:1)
  9 endoplasms
  2 giant cockroaches
  7 goblins
  3 hobgoblins
  3 jackals (D:1)
  6 kobolds
  4 quokkas
  2 frilled lizards
  12 rats
83 creatures vanquished.

Vanquished Creatures (others)
  236 foxfires
236 creatures vanquished.

Grand Total: 319 creatures vanquished

Notes
Turn   | Place    | Note
-------+----------+-------------------------------------------
     0 | D:1      | ravioli the Ogre Fire Elementalist began the quest for the
                  | Orb.
     0 | D:1      | Reached XP level 1. HP: 16/16 MP: 3/3
   511 | D:1      | Reached XP level 2. HP: 21/24 MP: 1/5
   790 | D:1      | Reached skill level 1 in Conjurations
  1296 | D:1      | Reached skill level 3 in Spellcasting
  1296 | D:1      | Reached XP level 3. HP: 31/31 MP: 4/7
  2178 | D:2      | Found a glowing golden altar of the Shining One.
  2277 | D:2      | Learned a level 2 spell: Scorch
  2416 | D:1      | Reached skill level 1 in Fighting
  2416 | D:1      | Reached XP level 4. HP: 30/41 MP: 4/8
  3323 | D:2      | Identified the +0 pair of boots "Erhaopitt" {rN+}
  3336 | D:2      | Found a faded altar of an unknown god.
  3874 | D:3      | Found a shadowy altar of Dithmenos.
  4077 | D:3      | Reached XP level 5. HP: 47/48 MP: 0/10
  4161 | D:3      | Found Vykhenor's Book Boutique.
  4164 | D:3      | Found a transporter.
  4165 | D:3      | Found a transporter.
  4165 | D:3      | Noticed an ogre
  4165 | D:3      | Noticed Kazon's ghost (amateur MiHu)
  4169 | D:3      | Found a sacrificial altar of Ru.
  4220 | D:3      | Found a stormy altar of Qazlal.
  4254 | D:3      | Noticed Jessica
  4257 | D:3      | Killed Jessica
  4386 | D:3      | Found a shimmering altar of Xom.
  4388 | D:3      | Found a shimmering altar of Xom.
  4388 | D:3      | Found a glowing golden altar of the Shining One.
  4446 | D:3      | Found a glowing silver altar of Zin.
  4446 | D:3      | Found a hide-covered altar of Uskayaw.
  4446 | D:3      | Found a stormy altar of Qazlal.
  4588 | D:3      | Found a snail-covered altar of Cheibriados.
  4793 | D:3      | Found Ryinuene's Jewellery Emporium.
  4794 | D:3      | Found Xyukhliw's Weapon Emporium.
  4850 | D:3      | Found a hide-covered altar of Uskayaw.
  5323 | D:2      | Reached skill level 6 in Spellcasting
  5323 | D:2      | Reached XP level 6. HP: 67/67 MP: 10/15
  5424 | D:4      | Noticed Menkaure
  5436 | D:4      | Killed Menkaure
  5437 | D:4      | Reached XP level 7. HP: 74/75 MP: 11/17
  6779 | D:5      | Entered Level 5 of the Dungeon
  6792 | D:5      | Reached skill level 7 in Spellcasting
  6872 | D:5      | Reached XP level 8. HP: 66/83 MP: 10/18
  7007 | D:5      | Found a glowing drain.
  7085 | D:4      | HP: 3/74 [wight (3)]
  7086 | D:4      | Mangled by a wight

Illustrated notes

Levels and vault maps discovered:
D:1:      onia_arrival_mini_maze_b, layout_basic, minmay_crystal_room,
          minmay_misc_feat_doors
D:2:      layout_basic, dreamdust_ecumenical_altar_angels_and_demons,
          basic_altar
D:3:      layout_rooms, overflow_temple_1_default, nicolae_uskayaw_suspiria,
          doesnt_xom_only_xom, nicolae_overflow_crystal_walls,
          amcnicky_altar_gilded, slow_altar_1, gammafunk_ghost_smash,
          serial_shops, nicolae_shop_trees, shop, shop, uniq_jessica
D:4:      layout_layer_cave, uniq_menkaure
D:5:      layout_rooms, portal_sewer_entry_b, minmay_manual_mess,
          uniq_blork_the_orc

Skill      XL: |  1  2  3  4  5  6  7  8 |
---------------+-------------------------+-----
Dodging        | 2 |  2.6
Conjurations   | 1 2 6 |  6.9
Spellcasting   | 3 6 7 |  7.2
Fire Magic     | 3 4 |  4.4
Fighting       | 1 6 |  6.2
Translocations | 4 |  4.2
Transmutations | 4 |  4.1
Stealth        | 2 |  2.0
Unarmed Combat | |  0.7

Action                   |  1- 3 |  4- 6 |  7- 9 || total
-------------------------+-------+-------+-------++-------
Melee: Unarmed           |    12 |    10 |       ||    22
 Cast: Foxfire           |    43 |    53 |    36 ||   132
       Scorch            |       |    15 |     9 ||    24
  Use: Potion            |     1 |     1 |     1 ||     3
       Scroll            |       |     1 |       ||     1
Armor: Robe              |    23 |     8 |     6 ||    37
Dodge: Dodged            |    52 |    24 |    17 ||    93
